 Dungeon Crawl Stone Soup version 0.20.1-1-g8b1a95d (webtiles) character file.

229 KoningWillie the Slasher (level 5, 0/47 HPs)
             Began as a Minotaur Fighter on Sept 27, 2017.
             Slain by an orc wizard
             ... wielding a +0 dagger
              (1 damage)
             ... on level 4 of the Dungeon.
             The game lasted 00:03:05 (2467 turns).

KoningWillie the Slasher (Minotaur Fighter)         Turns: 2467, Time: 00:03:05

Health: 0/47       AC:  8    Str: 22    XL:     5   Next: 71%
Magic:  4/4        EV:  7    Int:  5    God:
Gold:   74         SH:  9    Dex:  9    Spells: 4/4 levels left

rFire    . . .     SeeInvis .   a - +0 long sword
rCold    . . .     Gourm    .   c - +0 shield
rNeg     . . .     Faith    .   b - +1 scale mail
rPois    .         Spirit   .   (helmet restricted)
rElec    .         Reflect  .   (no cloak)
rCorr    .         Harm     .   (no gloves)
MR       .....                  (no boots)
Stlth    ..........             (no amulet)
Regen    0.2/turn               (no ring)
MPRegen  0.1/turn               (no ring)

@: no status effects
A: retaliatory headbutt, horns 2
a: no special abilities


You were on level 4 of the Dungeon.
You were not hungry.

You visited 1 branch of the dungeon, and saw 4 of its levels.

You collected 74 gold pieces.

Inventory:

Hand Weapons
 a - a +0 long sword (weapon)
Armour
 b - a +1 scale mail (worn)
 c - a +0 shield (worn)
Jewellery
 l - an uncursed amulet of faith
 o - an uncursed ring of positive energy {unknown}
Scrolls
 h - a scroll of remove curse
 i - a scroll of magic mapping {unknown}
 k - 2 scrolls of identify
 n - a scroll of teleportation {unknown}
Potions
 d - 3 potions of might
 g - 2 potions of invisibility {unknown}
Comestibles
 f - 2 bread rations
 j - 8 fruits
 m - a royal jelly


   Skills:
 + Level 4.6 Fighting
 + Level 5.8 Long Blades
 + Level 4.4 Armour
 - Level 4.1 Shields


You had 4 spell levels left.
You didn't know any spells.

Dungeon Overview and Level Annotations

Branches:
Dungeon (4/15)
 Temple: D:4-7

Altars:
Makhleb
Uskayaw

Annotations:
D:3 Sigmund


Innate Abilities, Weirdness & Mutations

You reflexively headbutt those who attack you in melee.
You have a pair of horns on your head.


Message History

You feel better.
The orc wizard gestures at you while chanting.
You block the puff of flame.
You barely miss the orc wizard.
The orc wizard casts a spell.
The orc wizard flickers and vanishes!
Deactivating autopickup; reactivate with Ctrl-A.
You barely miss something. Something completely misses you.
You miss something.
You hear some strange, mumbled words.
A puff of flame appears from out of thin air!
The puff of flame misses you.
Your shield and scale mail prevent you from hitting something.
You hear some strange, mumbled words.
A magic dart appears from out of thin air!
The magic dart hits you!
* * * LOW HITPOINT WARNING * * *
Something hits you but does no damage.
You miss something. Your headbutt misses something. Something hits you.
You die...

......
########.....
#.........>.
..≈...≈....
..........#
..........#
..........#
..≈...≈.@#
#.......{#
#########)#
..........#
###########


There were no monsters in sight!

Vanquished Creatures
  An orc wizard (D:4)
  2 orc priests
  8 adders
  An ooze (D:3)
  2 dart slugs (D:2)
  2 leopard geckos (D:1)
  11 orcs
  3 giant cockroaches
  5 goblins
  2 hobgoblins
  5 bats
  6 frilled lizards
  3 kobolds
  4 rats
55 creatures vanquished.

Notes
Turn   | Place    | Note
-------+----------+-------------------------------------------
     0 | D:1      | KoningWillie the Minotaur Fighter began the quest for the Orb.
     0 | D:1      | Reached XP level 1. HP: 19/19 MP: 0/0
   492 | D:1      | Reached XP level 2. HP: 26/27 MP: 1/1
   698 | D:2      | Reached skill level 3 in Long Blades
   735 | D:2      | Reached XP level 3. HP: 30/33 MP: 2/2
   857 | D:2      | Found a burning altar of Makhleb.
   857 | D:2      | Found a hide-covered altar of Uskayaw.
  1435 | D:2      | Reached skill level 4 in Long Blades
  1435 | D:2      | Reached XP level 4. HP: 40/40 MP: 3/3
  2006 | D:3      | Reached skill level 5 in Long Blades
  2006 | D:3      | Reached XP level 5. HP: 43/47 MP: 4/4
  2390 | D:3      | Noticed Sigmund
  2466 | D:4      | HP: 1/47 [something/magic dart (9)]
  2467 | D:4      | Slain by an orc wizard

Skill      XL: |  1  2  3  4 |
---------------+-------------+-----
Fighting       | 4 |  4.6
Long Blades    | 3 4 5 |  5.8
Shields        | 4 |  4.1
Armour         | 4 |  4.4

Action                   |  1- 3 |  4- 6 || total
-------------------------+-------+-------++-------
Melee: Long sword        |    46 |   103 ||   149
       Headbutt          |     8 |    16 ||    24
  Use: Scroll            |       |     8 ||     8
       Potion            |       |     1 ||     1
  Eat: Meat ration       |     1 |       ||     1
Armor: Scale mail        |    21 |    58 ||    79
Dodge: Dodged            |    18 |    29 ||    47
Block: Shield            |    22 |    57 ||    79
       Rpst.: Long sword |     8 |     7 ||    15
